 Dungeon Crawl Stone Soup version 0.19.4 (webtiles) character file.

750 pib the Conjurer (level 7, -1/44 HPs)
             Began as a Tengu Fire Elementalist on Feb 1, 2017.
             Was an Initiate of Vehumet.
             Slain by a slave (9 damage)
             ... led by Pikel
             ... while paralysed by Grinder
             ... on level 3 of the Dungeon.
             The game lasted 00:21:15 (5263 turns).

pib the Conjurer (Tengu Fire Elementalist)          Turns: 5263, Time: 00:21:15

Health: -1/44      AC:  2    Str:  9    XL:     7   Next: 78%
Magic:  3/12       EV:  2    Int: 17    God:    Vehumet [......]
Gold:   209        SH:  0    Dex: 14    Spells: 3 memorised, 4 levels left

rFire  . . .     SeeInvis .     m - +0 spear
rCold  + . .     Gourm    .     a - +0 robe
rNeg   . . .     Faith    .     (no shield)
rPois  .         Spirit   .     (helmet restricted)
rElec  .         Reflect  .     (no cloak)
rCorr  .         Harm     .     (no gloves)
MR     .....                    (boots unavailable)
Stlth  ++........               (no amulet)
                                (no ring)
                                y - ring of protection from cold

@: paralysed
A: beak, talons 3, able to fly 1
a: Fly, Renounce Religion


You were on level 3 of the Dungeon.
You worshipped Vehumet.
Vehumet was noncommittal.
You were hungry.

You visited 2 branches of the dungeon, and saw 6 of its levels.

You collected 209 gold pieces.

Inventory:

Hand Weapons
 k - a +0 dagger
 m - a +0 spear (weapon)
 w - a +0 hunting sling
Missiles
 d - 217 stones (quivered)
Armour
 a - a +0 robe (worn)
Jewellery
 y - a ring of protection from cold (left hand)
 F - an uncursed amulet of guardian spirit
Wands
 E - a wand of lightning (3/15)
Scrolls
 e - a scroll of random uselessness {unknown}
 h - 3 scrolls of identify
 l - 3 scrolls of enchant armour {unknown}
 n - 2 scrolls of enchant weapon {unknown}
 s - a scroll of blinking {unknown}
 t - 3 scrolls of teleportation {unknown}
 x - a scroll of remove curse {unknown}
 G - a scroll of summoning {unknown}
 J - a scroll of fear {unknown}
Potions
 j - 2 potions of mutation {unknown}
 p - a potion of resistance {unknown}
 q - 2 potions of curing
 r - 3 potions of brilliance
 u - a potion of agility {unknown}
 v - a potion of might {unknown}
 z - 3 potions of flight
 B - a potion of invisibility {unknown}
Books
 b - a book of Flames

   Spells                             Type                      Level
   a - Flame Tongue                   Conjuration/Fire             1
   b - Throw Flame                    Conjuration/Fire             2
   c - Conjure Flame                  Conjuration/Fire             3
   d - Inner Flame                    Hexes/Fire                   3
   e - Sticky Flame                   Conjuration/Fire             4
   f - Fireball                       Conjuration/Fire             5
 g - a book of Cantrips

   Spells                             Type                      Level
   a - Confusing Touch                Hexes                        1
   b - Animate Skeleton               Necromancy                   1
   c - Summon Small Mammal            Summoning                    1
   d - Apportation                    Translocation                1
 C - a book of Misfortune

   Spells                             Type                      Level
   a - Confusing Touch                Hexes                        1
   b - Confuse                        Hexes                        3
   c - Gell's Gravitas                Hexes/Translocation          3
   d - Petrify                        Transmutation/Earth          4
   e - Metabolic Englaciation         Hexes/Ice                    5
   f - Yara's Violent Unravelling     Hexes/Transmutation          5
 I - a book of Necromancy

   Spells                             Type                      Level
   a - Pain                           Necromancy                   1
   b - Animate Skeleton               Necromancy                   1
   c - Vampiric Draining              Necromancy                   3
   d - Regeneration                   Charms/Necromancy            3
   e - Animate Dead                   Necromancy                   4
   f - Control Undead                 Necromancy                   4
Comestibles
 c - 3 bread rations
 f - 5 meat rations
 o - 2 slices of pizza
 A - a fruit
 D - a royal jelly
 H - a beef jerky
 K - 4 chunks of flesh


   Skills:
 + Level 4.4 Fighting
 + Level 3.5 Dodging
 - Level 2.0 Stealth
 - Level 3.0 Spellcasting
 - Level 6.1 Conjurations
 - Level 5.0 Fire Magic


You had 4 spell levels left.
You knew the following spells:

 Your Spells              Type           Power        Failure   Level  Hunger
a - Flame Tongue          Conj/Fire      ###..        1%          1    None
b - Conjure Flame         Conj/Fire      ###.....     8%          3    ###....
c - Sticky Flame          Conj/Fire      ###.....     21%         4    ####...


Dungeon Overview and Level Annotations

Branches:
Dungeon (5/15)             Temple (1/1) D:5

Altars:
Ashenzari
Cheibriados
Dithmenos
Elyvilon
Fedhas
Gozag
Hepliaklqana
Kikubaaqudgha
Makhleb
Nemelex Xobeh
Okawaru
Qazlal
Ru
Sif Muna
Trog
Uskayaw
Vehumet
Xom
Yredelemnul
Zin
The Shining One

Annotations:
D:3 Grinder
D:5 appiemonkey's ghost, novice DgCj


Innate Abilities, Weirdness & Mutations

You have a beak for a mouth.
You have claws for feet.
You can fly.


Message History

Pain shoots through your body! Grinder gestures at you.
Pain shoots through your body! The slave hits you!
* * * LOW HITPOINT WARNING * * *
You can move again.
Grinder blinks!
Grinder blinks!
Grinder gestures at you. You resist with significant effort.
You see here a scale mail.
Grinder gestures at you.
You struggle to resist.
Grinder gestures at you.
You suddenly lose the ability to move!
The slave hits you but does no damage. x2
Grinder hits you.
* * * LOW HITPOINT WARNING * * *
The slave hits you!
You die...

#.####.#.# #.#
#........#####.#
########
######.........#
#.......
##.#.#########.######
#..#.########...##
#.##.........<)..#
#.##[#######...).#
#.##p##.......#..####
#.##@##......###.....
#<##5#.......5#..####
#.##.#..>...##.#.#
##o##........##ยง#.#
#..p###.#...##....####
#.......[.............
#...######.###....####
##### #.# ##.#.####
#.# #.#.....


You could see Grinder and a slave.

Vanquished Creatures
  2 ice beasts (D:5)
  An ogre (D:5)
  2 hounds (D:5)
  2 orc priests
  4 orc wizards
  3 worker ants
  A hound zombie (D:5)
  A hound skeleton (D:4)
  6 adders
  A shadow imp (D:5)
  3 dart slugs
  2 leopard geckos
  9 orcs
  7 bats
  6 giant cockroaches
  9 goblins
  5 hobgoblins
  3 jackals (D:3)
  3 quokkas
  2 ball pythons
  2 frilled lizards
  6 kobolds
  8 rats
88 creatures vanquished.

Vanquished Creatures (others)
  2 fulminant prisms (D:5)
2 creatures vanquished.

Grand Total: 90 creatures vanquished

Notes
Turn   | Place    | Note
-------+----------+-------------------------------------------
     0 | D:1      | pib the Tengu Fire Elementalist began the quest for the Orb.
     0 | D:1      | Reached XP level 1. HP: 10/10 MP: 4/4
   267 | D:1      | Reached XP level 2. HP: 15/15 MP: 1/6
   367 | D:1      | Reached skill level 2 in Conjurations
   731 | D:1      | Reached XP level 3. HP: 19/19 MP: 4/7
   974 | D:2      | Learned a level 3 spell: Conjure Flame
  1761 | D:2      | Reached XP level 4. HP: 23/24 MP: 3/8
  1943 | D:3      | Reached skill level 3 in Conjurations
  2625 | D:4      | Noticed a slave
  2625 | D:4      | Noticed a slave
  2689 | D:3      | Gained mutation: You can fly. [Tengu growth]
  2689 | D:3      | Reached XP level 5. HP: 9/28 MP: 0/10
  2952 | D:4      | Reached skill level 4 in Conjurations
  3052 | D:4      | Reached skill level 5 in Fire Magic
  3058 | D:5      | Entered Level 5 of the Dungeon
  3068 | D:5      | Reached skill level 1 in Fighting
  3284 | D:5      | Reached XP level 6. HP: 29/34 MP: 7/11
  3349 | D:5      | Found a staircase to the Ecumenical Temple.
  3356 | Temple   | Entered the Ecumenical Temple
  3402 | Temple   | Became a worshipper of Vehumet
  3418 | D:5      | Learned a level 4 spell: Sticky Flame
  3620 | D:5      | Reached skill level 5 in Conjurations
  3700 | D:5      | Noticed an ice beast
  3748 | D:5      | Killed an ice beast
  3748 | D:5      | Reached XP level 7. HP: 21/41 MP: 1/12
  4328 | D:4      | Reached skill level 6 in Conjurations
  5147 | D:5      | Noticed appiemonkey's ghost (novice DgCj)
  5207 | D:4      | Noticed Grinder
  5241 | D:3      | Paralysed by Grinder for 6 turns
  5260 | D:3      | Paralysed by Grinder for 7 turns
  5263 | D:3      | Slain by a slave

Skill      XL: |  1  2  3  4  5  6  7 |
---------------+----------------------+-----
Conjurations   | 2 3 4 5 6 |  6.1
Fire Magic     | 4 5 |  5.0
Spellcasting   | 3 |  3.0
Fighting       | 1 3 4 |  4.4
Dodging        | 3 |  3.5
Stealth        | |  2.0

Action                   |  1- 3 |  4- 6 |  7- 9 || total
-------------------------+-------+-------+-------++-------
Melee: Unarmed           |     2 |       |       ||     2
       Spear             |       |    29 |    16 ||    45
       Peck              |       |     2 |     1 ||     3
       Kick              |       |     2 |     2 ||     4
 Cast: Flame Tongue      |    52 |    83 |    59 ||   194
       Conjure Flame     |       |     4 |     6 ||    10
       Sticky Flame      |       |       |     2 ||     2
 Abil: Fly               |       |       |     2 ||     2
  Use: Potion            |       |     3 |     2 ||     5
       Scroll            |       |       |     4 ||     4
  Eat: Chunk             |     3 |     6 |     2 ||    11
       Bread ration      |       |       |     1 ||     1
Armor: Robe              |     2 |     6 |     8 ||    16
Dodge: Dodged            |    13 |    48 |    21 ||    82
